 Dungeon Sprint DCSS version 0.26-a0-708-g17f3b190f9 (webtiles) character file.

Game seed: 4245239627990127214

26336 mhtbhm the Bludgeoner (level 13, -25/120 HPs)
             Began as a Formicid Fighter on Oct 28, 2020.
             Was the Champion of Okawaru.
             Killed from afar by Azrael (33 damage)
             ... with damnation
             ... in the Dungeon (Sprint IX: "|||||||||||||||||||||||||||||").
             The game lasted 00:08:43 (3584 turns).

mhtbhm the Bludgeoner (Formicid Fighter)            Turns: 3584, Time: 00:08:43

Health: -25/120    AC: 25    Str: 26    XL:     13   Next: 57%
Magic:  13/13      EV: 11    Int:  8    God:    Okawaru [******]
Gold:   231        SH: 23    Dex: 10    Spells: 12/12 levels left

rFire    . . .     SeeInvis +   a - +2 morningstar (venom)
rCold    . . .     Faith    .   c - +1 tower shield
rNeg     . . .     Spirit   .   b - +3 chain mail {rPois}
rPois    +         Reflect  .   (helmet unavailable)
rElec    .         Harm     .   t - +0 cloak
rCorr    .         Rampage  .   k - +1 pair of gloves
MR       ++...                  v - +0 pair of boots {Fly}
Stlth    ..........             (no amulet)
HPRegen  0.30/turn              A - ring of protection from magic
MPRegen  0.13/turn              m - +2 ring of protection

@: no status effects
A: permanent stasis, dig shafts and tunnels, four strong arms, antennae 3
a: Dig, Heroism, Finesse, Renounce Religion, Evoke Flight


You were in the Dungeon.
You worshipped Okawaru.
Okawaru was exalted by your worship.
You visited 1 branch You collected 1933 gold pieces.
You spent 1702 gold pieces at shops.

Inventory:

Hand Weapons
 a - a +2 morningstar of venom (weapon)
 j - a +1 great mace of holy wrath
Missiles
 y - a throwing net (quivered)
Armour
 b - a +3 chain mail of poison resistance (worn)
 c - a +1 tower shield (worn)
 k - a +1 pair of gloves (worn)
 t - a +0 cloak (worn)
 v - a +0 pair of boots of flying (worn)
Jewellery
 m - a +2 ring of protection (right hand)
 A - a ring of protection from magic (left hand)
Wands
 r - a wand of enslavement (3)
 u - a wand of flame (12)
Scrolls
 h - 4 scrolls of remove curse
 i - 2 scrolls of amnesia
 l - 2 scrolls of enchant armour
 o - 3 scrolls of fear
 p - 2 scrolls of fog
 q - 2 scrolls of enchant weapon
 s - 3 scrolls of identify
 x - a scroll of immolation
Potions
 d - 5 potions of might
 e - 10 potions of curing
 f - 9 potions of heal wounds
 g - 7 potions of magic
 n - 2 potions of stabbing
 w - a potion of resistance
 z - a potion of cancellation


   Skills:
 + Level 17.0 Fighting
 + Level 18.4 Maces & Flails
 + Level 16.7 Armour
 + Level 5.6 Dodging
 + Level 3.5 Stealth
 + Level 17.7 Shields
 + Level 6.9 Evocations


You had 12 spell levels left.
You didn't know any spells.
Your spell library was empty.

Dungeon Overview and Level Annotations

Branches:
Dungeon (1/1)

Altars:
Cheibriados
Dithmenos
Elyvilon
Fedhas
Gozag
Hepliaklqana
Kikubaaqudgha
Makhleb
Nemelex Xobeh
Okawaru
Qazlal
Ru
Sif Muna
Trog
Uskayaw
Vehumet
Wu Jian
Xom
Yredelemnul
Zin
The Shining One
Beogh
Jiyva
Lugonu

Shops:
D (!!*

Annotations:
D Azrael


Innate Abilities, Weirdness & Mutations

You cannot be hasted, slowed, berserked, paralysed or teleported.
You can dig through walls and to a lower floor.
Your four strong arms can wield two-handed weapons with a shield.
You have a pair of large antennae on your head. (SInv)


Message History

The blast of flame hits the fire elemental.
The fire elemental completely resists.
The blast of flame misses the hell hound.
The blast of flame hits Azrael.
Azrael completely resists.
The blast of flame hits you.
* * * LOW HITPOINT WARNING * * *
Azrael gestures at you. The bolt of fire hits you!
* * * LOW HITPOINT WARNING * * *
You hit Azrael.
Azrael looks as sick as possible!
Azrael is heavily wounded.
Azrael closely misses you.
You puncture Azrael!
Azrael is severely wounded.
You hit Azrael but do no damage.
Azrael is severely wounded.
Azrael says, "May the fleas of a thousand camels infest your armpits."
Azrael gestures at you.
The sphere of damnation explodes!
The damnation engulfs you!!
You die...

▓.▓.▓.▓.▓.▓.▓.▓.▓{
{
▓)▓.▓.▓.▓∩▓.▓)▓.▓{
{
▓(▓.▓.▓.▓.▓.▓(▓.▓{
{
▓(▓.▓[▓.▓∩▓.▓)▓.▓{
{
▓.▓.▓.▓.▓.▓.▓(▓.▓{
{
▓.▓.▓.▓.▓∩▓.▓.▓.▓{
{
▓[▓.▓.▓.▓.▓)▓)▓.▓{
{
▓[▓.▓.▓.▓∩▓.▓)▓.▓{
{
▓.▓.▓.▓.▓.▓.▓)▓@▓
{
▓)▓.▓.▓.▓)▓.▓)▓R▓{
{
▓?▓.▓.▓.▓.▓.▓†▓h▓{
{ {
▓.▓.▓.▓.▓.▓.▓(▓E▓{
{
▓'▓.▓'▓.▓.▓.▓.▓h▓{
{
▓_▓.▓.▓.▓'▓.▓.▓.▓{
{
▓_▓.▓†▓.▓.▓.▓.▓.▓{
{
▓_▓.▓†▓)▓.▓.▓.▓.▓{
▓_▓.▓†▓.▓.▓.▓.▓{ {


You could see Azrael (extremely poisoned), a fire elemental and 2 hell hounds.

Vanquished Creatures
  A stone giant (D)
  A dire elephant (D)
  2 great orbs of eyes (D)
  4 ogre magi (D)
  Harold (D)
  3 centaur warriors (D)
  A two-headed ogre (D)
  Erica (D)
  4 deep trolls (D)
  6 orc knights (D)
  An ugly thing (D)
  A cyclops (D)
  8 elephants (D)
  A deep elf mage (D)
  A black mamba (D)
  A gargoyle (D)
  Maurice (D)
  2 cane toads (D)
  4 komodo dragons (D)
  A kobold demonologist (D)
  6 trolls (D)
  A wraith (D)
  2 yaks (D)
  Grum (D)
  A basilisk (D)
  A wyvern (D)
  An acid dragon (D)
  A soldier ant (D)
  7 water moccasins (D)
  3 hell hounds (D)
  A sky beast (D)
  6 orc warriors (D)
  2 centaurs (D)
  4 wolves (D)
  A big kobold (D)
  A bullfrog (D)
  A scorpion (D)
  A wight (D)
  3 orc priests (D)
  A quasit (D)
  4 orc wizards (D)
  A worker ant (D)
  An ufetubus (D)
  An adder zombie (D)
  A worm (D)
  A dart slug (D)
  4 orcs (D)
  A giant cockroach (D)
  A goblin (D)
  A kobold (D)
  A frilled lizard (D)
  A leopard gecko zombie (D)
  A rat (D)
109 creatures vanquished.

Vanquished Creatures (collateral kills)
  An orc warrior (D)
1 creature vanquished.

Vanquished Creatures (others)
  2 orc warriors (D)
2 creatures vanquished.

Grand Total: 112 creatures vanquished

Notes
Turn   | Place    | Note
-------+----------+-------------------------------------------
     0 | D        | mhtbhm the Formicid Fighter began the quest for the Orb.
     0 | D        | Reached XP level 1. HP: 18/18 MP: 1/1
     2 | D        | Banished a spatial maelstrom
    11 | D        | Reached XP level 2. HP: 23/25 MP: 2/2
    33 | D        | Noticed a centaur
    33 | D        | Noticed a centaur
    36 | D        | Reached skill level 3 in Maces & Flails
    36 | D        | Reached skill level 5 in Shields
    36 | D        | Reached XP level 3. HP: 23/31 MP: 3/3
    40 | D        | Reached skill level 5 in Armour
    43 | D        | Killed a centaur
    43 | D        | Reached skill level 4 in Maces & Flails
    43 | D        | Reached XP level 4. HP: 30/40 MP: 4/4
    43 | D        | Reached XP level 5. HP: 35/46 MP: 5/5
    49 | D        | Killed a centaur
    49 | D        | Reached skill level 5 in Maces & Flails
    49 | D        | Reached XP level 6. HP: 28/53 MP: 6/6
    53 | D        | Found a roughly hewn altar of Beogh.
    53 | D        | Found a snail-covered altar of Cheibriados.
    53 | D        | Found a shadowy altar of Dithmenos.
    53 | D        | Found a white marble altar of Elyvilon.
    53 | D        | Found a blossoming altar of Fedhas.
    53 | D        | Found an opulent altar of Gozag.
    54 | D        | Found a hazy altar of Hepliaklqana.
    55 | D        | Found a viscous altar of Jiyva.
    56 | D        | Found an ancient bone altar of Kikubaaqudgha.
    57 | D        | Found a corrupted altar of Lugonu.
    58 | D        | Found a burning altar of Makhleb.
    59 | D        | Found a sparkling altar of Nemelex Xobeh.
    60 | D        | Found an iron altar of Okawaru.
    61 | D        | Found a stormy altar of Qazlal.
    62 | D        | Found a sacrificial altar of Ru.
    63 | D        | Found a shimmering blue altar of Sif Muna.
    64 | D        | Found a bloodstained altar of Trog.
    65 | D        | Found a hide-covered altar of Uskayaw.
    66 | D        | Found a radiant altar of Vehumet.
    67 | D        | Found an ornate altar of the Wu Jian Council.
    68 | D        | Found a shimmering altar of Xom.
    69 | D        | Found a basalt altar of Yredelemnul.
    74 | D        | Became a worshipper of Warmaster Okawaru
    77 | D        | Found a glowing silver altar of Zin.
    78 | D        | Found a glowing golden altar of the Shining One.
   200 | D        | Noticed a sky beast
   200 | D        | Noticed a two-headed ogre
   202 | D        | Reached skill level 6 in Maces & Flails
   205 | D        | Killed a two-headed ogre
   205 | D        | Reached * piety under Okawaru
   205 | D        | Reached skill level 9 in Maces & Flails
   205 | D        | Reached skill level 10 in Armour
   205 | D        | Reached skill level 1 in Dodging
   205 | D        | Reached skill level 10 in Shields
   205 | D        | Reached XP level 7. HP: 32/64 MP: 7/7
   205 | D        | Reached XP level 8. HP: 35/71 MP: 8/8
   218 | D        | Reached ** piety under Okawaru
   218 | D        | Reached skill level 1 in Evocations
   225 | D        | Noticed a kobold demonologist
   225 | D        | Noticed a cyclops
   233 | D        | Killed a cyclops
   233 | D        | Reached skill level 10 in Fighting
   233 | D        | Reached skill level 10 in Maces & Flails
   233 | D        | Reached XP level 9. HP: 47/79 MP: 9/9
   239 | D        | Killed a kobold demonologist
   239 | D        | Reached skill level 11 in Maces & Flails
   396 | D        | Noticed a komodo dragon
   396 | D        | Noticed a komodo dragon
   404 | D        | Killed a komodo dragon
   404 | D        | Reached skill level 1 in Stealth
   408 | D        | Reached *** piety under Okawaru
   409 | D        | Noticed an elephant
   422 | D        | Killed a komodo dragon
   422 | D        | Reached skill level 12 in Maces & Flails
   422 | D        | Reached XP level 10. HP: 30/88 MP: 10/10
   448 | D        | Killed an elephant
   448 | D        | Reached **** piety under Okawaru
   729 | D        | Noticed a black mamba
   729 | D        | Noticed a komodo dragon
   729 | D        | Noticed a cane toad
   729 | D        | Noticed a komodo dragon
   734 | D        | Reached skill level 13 in Maces & Flails
   736 | D        | Noticed a cane toad
   739 | D        | Killed a komodo dragon
   757 | D        | Killed a cane toad
   760 | D        | Killed a komodo dragon
   760 | D        | Reached ***** piety under Okawaru
   764 | D        | Killed a black mamba
   769 | D        | Killed a cane toad
   769 | D        | Reached skill level 14 in Maces & Flails
   773 | D        | Received a gift from Okawaru
   966 | D        | Noticed an elephant
   966 | D        | Noticed an elephant
   966 | D        | Noticed an elephant
   966 | D        | Noticed an elephant
   966 | D        | Noticed an elephant
   966 | D        | Noticed an elephant
   970 | D        | Killed an elephant
   970 | D        | Reached XP level 11. HP: 96/96 MP: 11/11
   978 | D        | Killed an elephant
   987 | D        | Killed an elephant
   993 | D        | Killed an elephant
   994 | D        | Noticed a dire elephant
   997 | D        | Killed an elephant
   997 | D        | Noticed an elephant
  1005 | D        | Killed an elephant
  1005 | D        | Reached skill level 15 in Maces & Flails
  1009 | D        | Killed a dire elephant
  1015 | D        | Killed an elephant
  1248 | D        | Noticed Grum
  1252 | D        | Received a gift from Okawaru
  1261 | D        | Killed Grum
  1313 | D        | Noticed Maurice
  1341 | D        | Killed Maurice
  1733 | D        | Reached skill level 16 in Maces & Flails
  1736 | D        | Noticed an orc knight
  1761 | D        | Killed an orc knight
  2062 | D        | Noticed an orc knight
  2161 | D        | Killed an orc knight
  2170 | D        | Reached XP level 12. HP: 95/107 MP: 12/12
  2509 | D        | Found Amucaang's Assorted Antiques.
  2509 | D        | Noticed a deep troll
  2509 | D        | Noticed a deep troll
  2509 | D        | Noticed a deep troll
  2510 | D        | Noticed an ogre mage
  2516 | D        | Killed a deep troll
  2516 | D        | Reached skill level 17 in Maces & Flails
  2524 | D        | Reached skill level 15 in Shields
  2525 | D        | Killed a deep troll
  2525 | D        | Killed a deep troll
  2525 | D        | Reached skill level 15 in Fighting
  2525 | D        | Killed an ogre mage
  2525 | D        | Reached skill level 15 in Armour
  2525 | D        | Reached skill level 5 in Dodging
  2525 | D        | Reached skill level 5 in Evocations
  2638 | D        | Received a gift from Okawaru
  2854 | D        | Noticed a deep troll
  2864 | D        | Killed a deep troll
  2921 | D        | Found Erach's Distillery.
  2925 | D        | Found Oladd's Distillery.
  2929 | D        | Found Fuetiq's Antique Weapon Shop.
  2931 | D        | Noticed an ogre mage
  2933 | D        | Noticed an ogre mage
  2941 | D        | Killed an ogre mage
  2951 | D        | Killed an ogre mage
  3004 | D        | Bought a potion of curing for 39 gold pieces
  3004 | D        | Bought a potion of curing for 39 gold pieces
  3004 | D        | Bought a potion of heal wounds for 65 gold pieces
  3004 | D        | Bought a potion of curing for 39 gold pieces
  3004 | D        | Bought a potion of curing for 39 gold pieces
  3004 | D        | Bought a potion of curing for 39 gold pieces
  3004 | D        | Bought 2 potions of might for 104 gold pieces
  3006 | D        | Bought 2 potions of heal wounds for 110 gold pieces
  3006 | D        | Bought a potion of might for 44 gold pieces
  3006 | D        | Bought a potion of heal wounds for 55 gold pieces
  3006 | D        | Bought a potion of might for 44 gold pieces
  3030 | D        | Bought a shiny plate armour for 572 gold pieces
  3035 | D        | Bought a scroll of identify for 44 gold pieces
  3035 | D        | Bought an orange potion for 19 gold pieces
  3035 | D        | Bought a scroll labeled ZAFENY LUOMIDO for 22 gold pieces
  3035 | D        | Bought 3 scrolls of identify for 132 gold pieces
  3037 | D        | Bought a potion of magic for 88 gold pieces
  3039 | D        | Bought a potion of cancellation for 104 gold pieces
  3039 | D        | Bought a potion of magic for 104 gold pieces
  3070 | D        | Noticed Erica
  3079 | D        | Killed Erica
  3093 | D        | Noticed Harold
  3102 | D        | Killed Harold
  3102 | D        | Reached XP level 13. HP: 113/117 MP: 13/13
  3356 | D        | Noticed a centaur warrior
  3370 | D        | Killed a centaur warrior
  3378 | D        | Reached ****** piety under Okawaru
  3382 | D        | Noticed a centaur warrior
  3382 | D        | Noticed an ogre mage
  3390 | D        | Noticed a great orb of eyes
  3394 | D        | Noticed a stone giant
  3396 | D        | Killed a centaur warrior
  3396 | D        | Noticed a great orb of eyes
  3399 | D        | Killed an ogre mage
  3399 | D        | Reached skill level 18 in Maces & Flails
  3410 | D        | Killed a great orb of eyes
  3413 | D        | Noticed a centaur warrior
  3417 | D        | Killed a stone giant
  3417 | D        | Received a gift from Okawaru
  3423 | D        | Killed a great orb of eyes
  3427 | D        | Killed a centaur warrior
  3550 | D        | Noticed Azrael
  3584 | D        | Killed from afar by Azrael

Illustrated notes

Levels and vault maps discovered:
D:        linesprint [early_d, line_temple, items_1, d_10, items_2, lair_1,
          lair_end, items_3, orc_1, orc_end, items_4, d_15, swamp_1, shoals_1,
          snake_1, spider_1, d_20, vaults_1, items_5, swamp_end, shoals_end,
          snake_end, spider_end, vaults_end, d_27, items_6, zot_1, zot_end,
          crypt_end, forest_end, elf_end, slime_end, tomb_end, abyss_end,
          pan_hell_end]

Skill      XL: |  1  2  3  4  5  6  7  8  9 10 11 12 13 |
---------------+----------------------------------------+-----
Shields        | 4 5 6 7 10 11 12 13 14 16 17 | 17.7
Armour         | 4 6 7 10 11 12 13 14 15 16 | 16.7
Fighting       | 4 6 9 10 11 12 14 15 17 | 17.0
Maces & Flails | 3 4 5 9 10 12 14 16 17 18 | 18.4
Dodging        | 1 2 3 4 5 |  5.6
Evocations     | 1 2 3 6 |  6.9
Stealth        | 2 3 |  3.5

Action                   |  1- 3 |  4- 6 |  7- 9 | 10-12 | 13-15 || total
-------------------------+-------+-------+-------+-------+-------++-------
Melee: Flail             |    19 |     5 |       |       |       ||    24
       Dire flail        |       |     3 |    23 |       |       ||    26
       Morningstar       |       |       |    25 |   299 |    92 ||   416
 Abil: Stop Flying       |       |       |       |     1 |       ||     1
Evoke: Wand              |       |     2 |     2 |    15 |       ||    19
  Use: Potion            |     1 |       |     2 |     4 |     2 ||     9
       Scroll            |       |       |       |       |     2 ||     2
 Stab: Invisible         |       |       |     1 |       |       ||     1
Armor: Scale mail        |     5 |       |       |       |       ||     5
       Chain mail        |       |       |     8 |    73 |    14 ||    95
Dodge: Dodged            |     2 |     3 |     8 |    56 |    10 ||    79
Block: Kite shield       |    11 |     5 |    26 |   124 |       ||   166
       Tower shield      |       |       |       |       |    50 ||    50

Table legend: (Time is in decaauts)
 A = Elapsed time spent in this place.
 B = Non-inter-level travel time spent in this place.
 C = Inter-level travel time spent in this place.
 D = Time resting spent in this place.
 E = Time spent auto-exploring this place.
 F = Levels seen in this place.
 G = Mean time per level.
                   A        B        C        D        E       F      G
               +--------+--------+--------+--------+--------+-----+--------+
         Total |   3476 |   3476 |      0 |   1570 |    271 |   1 | 3476.0 |
       Dungeon |   3476 |   3476 |      0 |   1570 |    271 |   1 | 3476.0 |
               +--------+--------+--------+--------+--------+-----+--------+

Top non-repeatable levels by time:
       D: 3476 daAuts
